 Dungeon Crawl Stone Soup version 0.31-a0-557-g6e16503903 (webtiles) character file.

Game seed: 9965146421082163377

78 javelincjr the Trooper (level 4, -3/35 HPs)
             Began as a Demonspawn Fighter on Aug 16, 2023.
             Was a Believer of Makhleb.
             Slain by Grinder (8 damage)
             ... while paralysed by Grinder
             ... on level 3 of the Dungeon.
             The game lasted 00:06:02 (2089 turns).

javelincjr the Trooper (Demonspawn Fighter)         Turns: 2089, Time: 00:06:03

Health: -3/35      AC:  7    Str: 19    XL:     4   Next: 15%
Magic:  5/5        EV:  2    Int:  9    God:    Makhleb [**....]
Gold:   129        SH:  0    Dex: 12    Spells: 3/3 levels left

rFire   x . .        g - +2 short sword (venom)
rCold   + . .        c - +0 buckler
rNeg    . . .        b - +0 scale mail
rPois   .            (helmet restricted)
rElec   .            (no cloak)
rCorr   .            o - +0 pair of gloves
SInv    .            (no boots)
Will    .....        (no amulet) Stlth
                     u - ring of ice
HPRegen 0.25/turn    (no ring)
MPRegen 0.09/turn

%: no passive effects
@: paralysed, agile
A: antennae 2, powered by pain 1
a: Renounce Religion, Minor Destruction


You were on level 3 of the Dungeon.
You worshipped Makhleb.
Makhleb was pleased with you.
You visited 1 branch of the dungeon, and saw 3 of its levels.

You collected 129 gold pieces.

Inventory:

Hand Weapons
 a - a +0 trident
 g - a +2 short sword of venom (weapon)
Armour
 b - a +0 scale mail (worn)
 c - a +0 buckler (worn)
 o - a +0 pair of gloves (worn)
Jewellery
 u - a ring of ice (left hand)
Scrolls
 e - 2 scrolls of enchant armour {unknown}
 f - 2 scrolls of revelation {unknown}
 h - 7 scrolls of identify {unknown}
 i - 2 scrolls of vulnerability {unknown}
 k - a scroll of torment {unknown}
 m - a scroll of fear {unknown}
 n - a scroll of enchant weapon {unknown}
 s - 2 scrolls of blinking {unknown}
Potions
 d - a potion of might
 j - 2 potions of curing {unknown}
 l - a potion of brilliance {unknown}
 p - a potion of heal wounds {unknown}
 q - 2 potions of experience {unknown}
 r - 2 potions of berserk rage {unknown}
 t - a potion of resistance {unknown}


   Skills:
 + Level 3.4 Fighting
 + Level 0.8 Short Blades
 - Level 2.2 Polearms
 + Level 3.0 Armour
 + Level 0.4 Dodging
 + Level 3.1 Shields
 * Level 1.8 Invocations


You had 3 spell levels left.
You didn't know any spells.
Your spell library was empty.

Dungeon Overview and Level Annotations

Branches:
Dungeon (3/15)

Altars:
Makhleb
Uskayaw

Shops:
D:2 (

Annotations:
D:3 Grinder


Innate Abilities, Weirdness & Mutations

You have a pair of antennae on your head.
You sometimes gain a little power by taking damage.


Message History

Pain shoots through your body!
You focus on the pain.
You feel agile all of a sudden.
You hit Grinder.
Grinder is lightly wounded.
Grinder hits you but does no damage.
You hit Grinder.
Grinder is moderately wounded.
Grinder hits you.
You writhe in agony.
You hit Grinder.
Grinder is moderately wounded.
Grinder barely misses you.
You closely miss Grinder.
Grinder is moderately wounded.
Grinder gestures at you. You resist with significant effort.
You barely miss Grinder.
Grinder is moderately wounded.
Grinder gestures at you. You resist with significant effort.
You barely miss Grinder.
Grinder is moderately wounded.
Grinder hits you.
You closely miss Grinder.
Grinder is moderately wounded.
Grinder misses you.
You barely miss Grinder.
Grinder is moderately wounded.
Grinder hits you!
You hit Grinder but do no damage.
Grinder is poisoned.
Grinder is moderately wounded.
Grinder blinks!
Grinder blinks!
Grinder gestures at you.
You suddenly lose the ability to move!
Grinder hits you.
* * * LOW HITPOINT WARNING * * *
You writhe in agony.
* * * LOW HITPOINT WARNING * * *
Grinder hits you!
You die...

#..#.......#
###..##.####.#.#
).....#.# #.#.#
####.##.# #.#.# #
#.##.# #.#.###########
# #.##.#
#.#...........# #
#.##.####.#...........#
#
#.........#.........?.#
#
####.######..@5.......#
# #.# #.###########
#######.######.########
.......................
#######.######.########
#######.# #.#
........######.########
....................(..
#....#########.########


You could see Grinder (poisoned).

Vanquished Creatures
  Robin (D:3)
  A worm (D:3)
  3 dart slugs
  7 ball pythons
  A bat (D:2)
  3 endoplasms
  2 giant cockroaches
  14 goblins
  4 hobgoblins
  A quokka (D:2)
  4 frilled lizards
  6 kobolds
  7 rats
54 creatures vanquished.

Notes
Turn   | Place    | Note
-------+----------+-------------------------------------------
     0 | D:1      | javelincjr the Demonspawn Fighter began the quest for the
                  | Orb.
     0 | D:1      | Reached XP level 1. HP: 18/18 MP: 1/1
   183 | D:1      | Gained mutation: You have a pair of small antennae on your
                  | head. [demonic ancestry]
   183 | D:1      | Reached XP level 2. HP: 24/24 MP: 2/2
   374 | D:1      | Found a faded altar of an unknown god.
   460 | D:1      | Prayed at the altar of an unknown god.
   460 | D:1      | Became a worshipper of Makhleb the Destroyer
   460 | D:1      | Reached * piety under Makhleb
   779 | D:2      | Found a hide-covered altar of Uskayaw.
   791 | D:2      | Found Xooniawk's Antique Weapon Boutique.
   890 | D:2      | Gained mutation: You have a pair of antennae on your head.
                  | [demonic ancestry]
   890 | D:2      | Reached XP level 3. HP: 24/29 MP: 3/3
  1263 | D:2      | Reached skill level 1 in Invocations
  1832 | D:3      | Reached ** piety under Makhleb
  1957 | D:3      | Noticed Robin
  1978 | D:3      | Killed Robin
  1979 | D:3      | Gained mutation: You sometimes gain a little power by
                  | taking damage. [demonic ancestry]
  1979 | D:3      | Reached XP level 4. HP: 17/35 MP: 5/5
  2066 | D:3      | Noticed Grinder
  2085 | D:3      | Paralysed by Grinder for 5 turns
  2089 | D:3      | Slain by Grinder

Illustrated notes

Levels and vault maps discovered:
D:1:      lemuel_arrival_behind_the_door_large, layout_loops_ring,
          basic_ecumenical_altar
D:2:      layout_loops_ring, basic_altar, serial_shops, shop,
          chequers_decorated_corner, minmay_puff
D:3:      layout_basic, mainiacjoe_overflow_big_doors, uniq_robin, uniq_grinder

Skill      XL: |  1  2  3 |
---------------+----------+-----
Polearms       | 2 |  2.2
Shields        | 3 |  3.1
Armour         | 3 |  3.0
Invocations    | 1 |  1.8
Fighting       | |  3.4
Short Blades   | |  0.8
Dodging        | |  0.4

Action                     |  1- 3 |  4- 6 || total
---------------------------+-------+-------++-------
  Melee: Trident           |    64 |       ||    64
         Short sword       |    62 |    13 ||    75
 Armour: Scale mail        |    32 |     4 ||    36
  Dodge: Dodged            |    42 |     3 ||    45
  Block: Buckler           |    20 |     1 ||    21

Table legend: (Time is in decaauts)
 A = Elapsed time spent in this place.
 B = Non-inter-level travel time spent in this place.
 C = Inter-level travel time spent in this place.
 D = Time resting spent in this place.
 E = Time spent auto-exploring this place.
 F = Levels seen in this place.
 G = Mean time per level.
                   A        B        C        D        E       F      G
               +--------+--------+--------+--------+--------+-----+--------+
         Total |   2105 |   2058 |     47 |      0 |   1548 |   3 |  701.7 |
       Dungeon |   2105 |   2058 |     47 |      0 |   1548 |   3 |  701.7 |
               +--------+--------+--------+--------+--------+-----+--------+

Top non-repeatable levels by time:
     D:2: 1005 daAuts
     D:1: 768 daAuts
     D:3: 331 daAuts
